 Dungeon Crawl Stone Soup version 0.18.1-48-g4cf74bf (webtiles) character file.

5 glosham the Ruffian (level 1, -1/22 HPs)
             Began as a Troll Abyssal Knight on Sept 2, 2016.
             Was a Follower of Lugonu.
             Slain by a small abomination (17 damage)
             ... on level 1 of the Abyss.
             The game lasted 00:02:35 (157 turns).

glosham the Ruffian (Troll Abyssal Knight)           Turns: 157, Time: 00:02:36

Health: -1/22      AC:  5    Str: 19    XL:     1   Next: 66%
Magic:  1/1        EV: 10    Int:  8    God:    Lugonu [*.....]
Gold:   0          SH:  0    Dex:  9    Spells: 0 memorised, 0 levels left

rFire  . . .     SeeInvis .       - Unarmed
rCold  . . .     Gourm    +     a - +0 robe
rNeg   . . .     Faith    .     (no shield)
rPois  .         Spirit   .     (helmet restricted)
rElec  .         Dismiss  .     (no cloak)
rCorr  .         Reflect  .     (gloves unavailable)
SustAt .         Harm     .     (boots unavailable)
MR     .....                    (no amulet)
Stlth  +.........               (no ring)
                                (no ring)

@: not resistant to hostile enchantments, very unstealthy
A: unfitting armour, claws 3, fast metabolism 3, gourmand, regeneration 2,
shaggy fur 1, tough skin 2
a: Depart the Abyss, Renounce Religion


You were on level 1 of the Abyss.
You worshipped Lugonu.
Lugonu was aware of your devotion.
You were not hungry.

You visited 0 branches of the dungeon, and saw 0 of its levels.
You visited the Abyss 1 time.

Inventory:

Missiles
 c - 3 large rocks (quivered)
Armour
 a - a +0 robe (worn)
Comestibles
 b - 2 bread rations


   Skills:
 - Level 2.4 Fighting
 - Level 1.9 Dodging
 + Level 2.5 Unarmed Combat
 - Level 1.5 Invocations


You couldn't memorise any spells.
You didn't know any spells.

Dungeon Overview and Level Annotations

Branches:
Dungeon (0/15)

Altars:


Innate Abilities, Weirdness & Mutations

You are too large for most types of armour.
You have claws for hands.
Your metabolism is lightning-fast.
You like to eat raw meat.
You heal very quickly.
You are covered in fur (AC +1).
You have very tough skin (AC +2).


Message History

The ufetubus misses you.
You miss the ufetubus.
The ufetubus hits you but does no damage. x2
The ufetubus barely misses you. The ufetubus hits you.
You closely miss the ufetubus. The ufetubus hits you.
The ufetubus barely misses you.
You scratch the ufetubus but do no damage.
The ufetubus misses you. The ufetubus hits you.
The ufetubus closely misses you.
The ufetubus hits you but does no damage.
You completely miss the ufetubus. The ufetubus closely misses you. x2
You barely miss the ufetubus. The ufetubus closely misses you. x2
The ufetubus barely misses you.
The ufetubus hits you but does no damage.
You miss the ufetubus.
The ufetubus hits you but does no damage. x2
You scratch the ufetubus.
The ufetubus is almost dead.
The ufetubus barely misses you. The ufetubus hits you. x2
The ufetubus barely misses you.
You scratch the ufetubus.
You kill the ufetubus!
Found 4 large rocks.
You see here 4 large rocks.
c - 4 large rocks A starcursed mass comes into view.
A small abomination comes into view.
The small abomination moves out of view.
A large abomination comes into view.
A small abomination comes into view.
The small abomination hits you!
Ouch! That really hurt!
The large abomination hits you!
Throwing (i - inventory):
c - 4 large rocks (quivered)
Press: ? - help, Shift-Dir - straight line, f - small abomination
Aim: a small abomination You throw a large rock.
The large rock closely misses the small abomination.
The small abomination hits you!
Ouch! That really hurt!
You die...

##. .# . ..##
§.#..### #.#
#.X######.##.#.
#§#..x.#.......
#######..# .
##.x.##.
#..#(##.#
...##x#.# .
#.@# # ##.# ###


You could see a small abomination.

Vanquished Creatures
  An ufetubus (Abyss:1)
1 creature vanquished.

Notes
Turn   | Place    | Note
--------------------------------------------------------------
     0 | Abyss:1  | glosham the Troll Abyssal Knight began the quest for the Orb.
     0 | Abyss:1  | Reached XP level 1. HP: 22/22 MP: 1/1
    70 | Abyss:1  | Noticed a starcursed mass
    72 | Abyss:1  | Noticed a small abomination
   113 | Abyss:1  | Noticed a large abomination
   133 | Abyss:1  | Noticed a small abomination
   157 | Abyss:1  | Slain by a small abomination

Action                   || total
-------------------------++-------
Melee: Unarmed           ||     9
Throw: Large rock        ||     1
Armor: Robe              ||     6
Dodge: Dodged            ||    13

Table legend:
 A = Turns spent in this place as a percentage of turns spent in the entire game.
 B = Non-inter-level travel turns spent in this place as a percentage of non-inter-level travel turns spent in the entire game.
 C = Inter-level travel turns spent in this place as a percentage of turns spent in this place.
 D = Turns resting spent in this place as a percentage of non-inter-level travel turns spent in this place.
 E = Turns spent auto-exploring this place as a percentage of non-inter-level travel turns spent in this place.
 F = Non-inter-level travel turns spent in this place divided by the number of levels of this place that you've seen.
                   A       B       C       D       E      F
               +-------+-------+-------+-------+-------+----------------------
         Total | 100.0 | 100.0 |   0.0 |   0.0 |   0.0 | 161.0
         Abyss | 100.0 | 100.0 |   0.0 |   0.0 |   0.0 | 161.0
               +-------+-------+-------+-------+-------+----------------------

Table legend:
 A = Kills in this place as a percentage of kills in entire the game.
 B = Kills by you in this place as a percentage of kills by you in the entire game.
 C = Kills by friends in this place as a percentage of kills by friends in the entire game.
 D = Other kills in this place as a percentage of other kills in the entire game.
 E = Experience gained in this place as a percentage of experience gained in the entire game.
 F = Experience gained in this place divided by the number of levels of this place that you have seen.
                   A       B       C       D       E      F
               +-------+-------+-------+-------+-------+----------------------
         Total | 100.0 | 100.0 |  -nan |  -nan | 100.0 |   8.0
         Abyss | 100.0 | 100.0 |  -nan |  -nan | 100.0 |   8.0
               +-------+-------+-------+-------+-------+----------------------

Vault maps used:
